 Dungeon Crawl Stone Soup version 0.29.1-2-gbd0b4ee654 (webtiles) character file.

Game seed: 13380232174516263743

77 eriqlaplus the Gusty (level 4, -2/24 HPs)
             Began as a Tengu Air Elementalist on Oct 31, 2022.
             Slain by a gnoll
             ... wielding a +0 halberd
              (10 damage)
             ... on level 2 of the Dungeon.
             The game lasted 00:06:45 (2297 turns).

eriqlaplus the Gusty (Tengu Air Elementalist)       Turns: 2297, Time: 00:06:46

Health: -2/24      AC:  2    Str:  9    XL:     4   Next: 33%
Magic:  2/9        EV:  6    Int: 17    God:
Gold:   46         SH:  0    Dex: 14    Spells: 5/8 levels left

rFire   . . .      SeeInvis .   d - +0 mace (protect)
rCold   . . .      Faith    .   (no shield)
rNeg    . . .      Spirit   .   a - +0 robe
rPois   .          Reflect  .   (helmet restricted)
rElec   .          Harm     .   (no cloak)
rCorr   .          Rampage  .   (no gloves)
Will    .....                   (boots unavailable)
Stlth   ++........              (no amulet)
HPRegen 0.08/turn               (no ring)
MPRegen 0.11/turn               (no ring)

@: very slightly contaminated, held
A: beak, talons 3
a: no special abilities


You were on level 2 of the Dungeon.
You visited 1 branch of the dungeon, and saw 2 of its levels.

You collected 46 gold pieces.

Inventory:

Hand Weapons
 d - a +0 mace of protection (weapon)
Armour
 a - a +0 robe (worn)
Scrolls
 c - a scroll of identify {unknown}
 g - a scroll of magic mapping {unknown}
 j - a scroll of immolation {unknown}
Potions
 b - a potion of magic
 e - a potion of haste {unknown}
 f - a potion of heal wounds {unknown}
 h - a potion of attraction {unknown}
 i - 2 potions of curing


   Skills:
 + Level 0.7 Fighting
 + Level 0.3 Maces & Flails
 + Level 2.4 Dodging
 + Level 2.2 Stealth
 + Level 0.4 Unarmed Combat
 + Level 2.6 Spellcasting
 + Level 2.6 Conjurations
 + Level 4.8 Air Magic


You had 5 spell levels left.
You knew the following spells:

 Your Spells              Type           Power      Damage    Failure   Level
a - Shock                 Conj/Air       56%        1d6       4%          1
b - Static Discharge      Conj/Air       14%        3-5/arc   6%          2

Your spell library contained the following spells:

 Spells                   Type           Power      Damage    Failure   Level
 Swiftness                Air            18%        N/A       8%          3
 Airstrike                Air            9%         2d(2-18)  26%         4


Dungeon Overview and Level Annotations

Branches:
Dungeon (2/15)

Altars:


Innate Abilities, Weirdness & Mutations

You have a beak for a mouth.
You have claws for feet.


Message History

Aim: a gnoll, wielding a +0 club (severely wounded, 75% to hit)
The zap hits the gnoll.
You kill the gnoll!
The zap misses the gnoll.
The gnoll throws a throwing net.
The throwing net hits you.
You become entangled in the net!
Casting: Shock (safe; 4% risk of failure)
Confirm with . or Enter, or press ? or * to list all spells.
Aiming: Shock (safe; 4% risk of failure)
Press: ? - help, Shift-Dir - straight line, f - gnoll
Aim: a gnoll, wielding a +0 halberd and quivering a throwing net (moderately wounded, 75% to hit)
The zap hits the gnoll.
The gnoll is severely wounded.
The zap hits the gnoll.
The gnoll is heavily wounded.
The gnoll barely misses you.
Casting: Shock (safe; 4% risk of failure)
Confirm with . or Enter, or press ? or * to list all spells.
Aiming: Shock (safe; 4% risk of failure)
Press: ? - help, Shift-Dir - straight line, f/p - gnoll
Aim: a gnoll, wielding a +0 halberd and quivering a throwing net (severely wounded, 75% to hit)
The zap hits the gnoll.
The gnoll is almost dead.
The zap hits the gnoll.
The gnoll is severely wounded.
The gnoll hits you from afar with a +0 halberd.
Casting: Shock (safe; 4% risk of failure)
Confirm with . or Enter, or press ? or * to list all spells.
Aiming: Shock (safe; 4% risk of failure)
Press: ? - help, Shift-Dir - straight line, f/p - gnoll
Aim: a gnoll, wielding a +0 halberd and quivering a throwing net (almost dead, 75% to hit)
You miscast Shock.
You are very lightly contaminated with residual magic.
Nothing appears to happen.
The gnoll hits you but does no damage.
The gnoll hits you from afar with a +0 halberd!
* * * LOW HITPOINT WARNING * * *
Casting: Shock (safe; 4% risk of failure)
Confirm with . or Enter, or press ? or * to list all spells.
You don't know that spell.
The gnoll hits you from afar with a +0 halberd!
You die...

.. #.#.# .. .....
.. #.### .# #. g#
.. g# .#
#######)###### .#
#.....@....... .##
##.#####.###### ..#
##...# .# ..###
##.#.#.# .#
....####.##.##.# .#
..).)..)###.# #.#.#
....###)..........#
..### #.###.### ###
..# ##. #.#


You could see 2 gnolls.

Vanquished Creatures
  4 gnolls (D:2)
  6 endoplasms
  2 goblins
  6 hobgoblins (D:1)
  4 jackals (D:1)
  4 kobolds
  A quokka (D:1)
  3 ball pythons (D:1)
  3 bats (D:1)
  A rat (D:1)
34 creatures vanquished.

Notes
Turn   | Place    | Note
-------+----------+-------------------------------------------
     0 | D:1      | eriqlaplus the Tengu Air Elementalist began the quest for
                  | the Orb.
     0 | D:1      | Reached XP level 1. HP: 10/10 MP: 4/4
   390 | D:1      | Reached XP level 2. HP: 13/15 MP: 1/6
  1057 | D:1      | Reached XP level 3. HP: 16/20 MP: 1/7
  1670 | D:1      | Learned a level 1 spell: Shock
  1673 | D:1      | Learned a level 2 spell: Static Discharge
  1928 | D:2      | Reached XP level 4. HP: 8/24 MP: 1/8
  2297 | D:2      | Slain by a gnoll

Illustrated notes

Levels and vault maps discovered:
D:1:      dpeg_cavernosity, layout_basic, chequers_serial_rivers_micro_e
D:2:      layout_loops_ring, dreamdust_ecumenical_altar_angels_and_demons,
          serial_shops, shop

Skill      XL: |  1  2  3 |
---------------+----------+-----
Conjurations   | 2 |  2.6
Fighting       | |  0.7
Maces & Flails | |  0.3
Dodging        | |  2.4
Stealth        | |  2.2
Unarmed Combat | |  0.4
Spellcasting   | |  2.6
Air Magic      | |  4.8

Action                   |  1- 3 |  4- 6 || total
-------------------------+-------+-------++-------
Melee: Unarmed           |    24 |       ||    24
       Kick              |    10 |     4 ||    14
       Peck              |     6 |     2 ||     8
       Mace              |    13 |    15 ||    28
 Cast: Shock             |    50 |     6 ||    56
  Use: Scroll            |     1 |       ||     1
Armor: Robe              |    15 |     8 ||    23
Dodge: Dodged            |    33 |    10 ||    43
